 Dungeon Crawl Stone Soup version 0.29-a0-577-gafbf2c5d25 (webtiles) character file.

Game seed: 9398360391735429919

59851 runemasterragnar the Jinx (level 14, 0/100 HPs)
             Began as a Demonspawn Conjurer on June 13, 2022.
             Was a High Priest of Vehumet.
             Hit by a large rock thrown by a cyclops (34 damage)
             ... on level 12 of the Dungeon on June 14, 2022.
             The game lasted 01:42:05 (27606 turns).

runemasterragnar the Jinx (Demonspawn Conjurer)    Turns: 27606, Time: 01:42:06

Health: 0/100      AC:  8    Str:  9    XL:     14   Next: 54%
Magic:  25/28      EV: 14    Int: 25    God:    Vehumet [*****.]
Gold:   1317       SH:  0    Dex: 12    Spells: 12/33 levels left

rFire   + . .      SeeInvis .   v - +4 dagger (elec)
rCold   . . .      Faith    .   (no shield)
rNeg    + . .      Spirit   .   C - +2 robe {rN+}
rPois   +          Reflect  .   S - +0 helmet
rElec   .          Harm     .   (no cloak)
rCorr   .          Rampage  .   U - +2 pair of gloves
Will    +....                   u - +0 pair of boots
Stlth   +++.......              (no amulet)
HPRegen 0.26/turn               h - ring of protection from cold
MPRegen 0.21/turn               a - ring of fire

@: no status effects
A: claws 1, hooves 2, ignite blood 3, demonic magic 1, weakness stinger 2,
clever 1, deformed body, poison resistance
a: Renounce Religion


You were on level 12 of the Dungeon.
You worshipped Vehumet.
Vehumet was extremely pleased with you.
You visited 3 branches of the dungeon, and saw 19 of its levels.
You also visited: Gauntlet.

You collected 1317 gold pieces.

Inventory:

Hand Weapons
 p - the +6 shortbow of the Enchanted Forest {vorpal, rN+ Str+4}
   (You took it off a minotaur in a Gauntlet)

   Any ammunition fired from it inflicts extra damage upon your enemies.
   Str:       It affects your strength (+4).
   rN:        It protects you from negative energy.
 v - a +4 dagger of electrocution (weapon)
 Y - the +4 rapier "Kits" {vorpal, rN+}
   (You found it on level 5 of the Lair of Beasts)

   It inflicts extra damage upon your enemies.
   rN:        It protects you from negative energy.
Missiles
 d - 461 stones
 j - 52 poisoned darts
Armour
 c - a +2 buckler
 m - a scarf of shadows
 s - the +8 plate armour of the Loofah {+Blink rC- rCorr Dex+3}
   (You took it off a minotaur in a Gauntlet)

   Dex:       It affects your dexterity (+3).
   rC:        It makes you vulnerable to cold.
   +Blink:    It lets you blink.
   rCorr:     It protects you from acid and corrosion.
 u - a +0 pair of boots (worn)
 C - a +2 robe of positive energy (worn)
 F - the +1 ring mail "Kyajog" {rPois rF++ Dex-4 SInv}
   (You found it on level 12 of the Dungeon)

   Dex:       It affects your dexterity (-4).
   rF:        It greatly protects you from fire.
   rPois:     It protects you from poison.
   SInv:      It lets you see invisible.
 S - a +0 helmet (worn)
 U - a +2 pair of gloves (worn)
Magical Staves
 z - a staff of air
Jewellery
 a - a ring of fire (right hand)
 b - a +4 ring of evasion
 h - a ring of protection from cold (left hand)
 i - a ring of protection from cold
 l - a ring of protection from cold
 G - a ring of protection from fire
Wands
 n - a wand of flame (52)
 r - a wand of paralysis (13)
 x - a wand of acid (1)
 y - a wand of polymorph (17)
 K - a wand of iceblast (14)
 P - a wand of digging (5)
Scrolls
 g - 2 scrolls of identify
 o - a scroll of immolation
 t - a scroll of blinking
 D - 5 scrolls of magic mapping
 I - 3 scrolls of teleportation
 J - a scroll of enchant armour
 O - 2 scrolls of silence
 T - a scroll of poison
Potions
 e - 5 potions of curing
 f - 3 potions of mutation
 k - a potion of attraction
 w - 4 potions of might
 B - 2 potions of brilliance
 E - 4 potions of flight
 H - a potion of magic
 M - 2 potions of cancellation
 R - 2 potions of berserk rage
 W - 2 potions of haste
 X - a potion of resistance
Miscellaneous
 q - a phantom mirror (inert)
 A - a box of beasts


   Skills:
 - Level 6.0 Fighting
 - Level 6.2 Dodging
 + Level 7.0 Stealth
 + Level 2.4 Shields
 + Level 10.1 Spellcasting
 * Level 12.3 Conjurations
 - Level 12.3 Hexes
 * Level 11.2 Fire Magic
 - Level 8.3 Earth Magic


You had 12 spell levels left.
You knew the following spells:

 Your Spells              Type           Power      Damage    Failure   Level
a - Magic Dart            Conj           100%       1d8       1%          1
b - Searing Ray           Conj           100%       2d8       1%          2
c - Sandblast             Erth           100%       2d20      1%          1
d - Scorch                Fire           100%       2d10      1%          2
e - Sticky Flame          Conj/Fire      82%        2d9       1%          4
f - Stone Arrow           Conj/Erth      100%       3d13      1%          3
g - Fulminant Prism       Conj/Hex       32%        3d16      1%          4
h - Flame Wave            Conj/Fire      82%        2d14      1%          4

Your spell library contained the following spells:

 Spells                   Type           Power      Damage    Failure   Level
 Conjure Flame            Conj/Fire      82%        6-21      1%          3
 Dazzling Flash           Conj/Hex       100%       N/A       1%          3
 Ignite Poison            Fire/Tmut/Pois 47%        N/A       1%          3
 Mephitic Cloud           Conj/Pois/Air  33%        N/A       1%          3
 Iskenderun's Mystic Bla  Conj/Tloc      43%        2d10      1%          4
 Beastly Appendage        Tmut           24%        N/A       4%          1
 Freezing Cloud           Conj/Ice/Air   16%        6-21      7%          5
 Sublimation of Blood     Necr           12%        N/A       8%          2
 Wereblood                Tmut           12%        N/A       8%          2
 Metabolic Englaciation   Hex/Ice        21%        N/A       11%         5
 Gell's Gravitas          Tloc           12%        N/A       14%         3
 Ozocubu's Armour         Ice            12%        N/A       14%         3
 Spider Form              Tmut/Pois      12%        N/A       14%         3
 Teleport Other           Tloc           12%        N/A       14%         3
 Borgnjor's Vile Clutch   Necr/Erth      16%        N/A       24%         5
 Animate Dead             Necr           12%        N/A       43%         4
 Alistair's Intoxication  Tmut/Pois      8%         N/A       80%         5
 Eringya's Noxious Bog    Tmut/Pois      6%         N/A       85%         6
 Death Channel            Necr           6%         N/A       100%        6
 Dispersal                Tloc           6%         N/A       100%        6
 Simulacrum               Ice/Necr       6%         N/A       100%        6
 Summon Hydra             Summ           6%         N/A       100%        7


Dungeon Overview and Level Annotations

Branches:
Dungeon (12/15)            Temple (0/1) D:7            Lair (6/6) D:11
 Shoals (0/4) Lair:3       Spider (0/4) Lair:3        Slime (0/5) Lair:6
    Orc (1/2) D:9         Gauntlet (visited)

Altars:
Cheibriados
Ru
Vehumet
Jiyva

Shops:
D:7 *

Annotations:
D:8 2 runed translucent doors, DocClef's ghost, novice GnDe
D:10 exclusion: ice statue
D:11 3 runed translucent doors, avis's ghost, novice DgHu; nrs142's ghost, journeyman MiMo
Lair:1 3 runed translucent doors, Cancer's ghost, journeyman GrEE


Innate Abilities, Weirdness & Mutations

You have sharp fingernails.
You have hoof-like feet.
Your demonic aura causes all spilled blood to erupt in flames.
Spells you cast may paralyse adjacent enemies.
You have a tail ending in a sharp stinger.
Your mind is acute. (Int +2)
Armour fits poorly on your strangely shaped body.
Your system is resistant to poisons. (rPois)


Message History

Casting: Sticky Flame (safe; 1% risk of failure)
Confirm with . or Enter, or press ? or * to list all spells.
Okay, then.
Casting: Sticky Flame (safe; 1% risk of failure)
Confirm with . or Enter, or press ? or * to list all spells.
Casting: Flame Wave (safe; 1% risk of failure)
Press: ? - help, Dir - look around, f - activate You feel a surge of power!
A wave of flame ripples out!
The flame wave engulfs the brown ugly thing!!
The brown ugly thing is burned terribly!
You kill the brown ugly thing!
Vehumet accepts your kill. (Press . to intensify the flame waves.) Malevolent energies surge around you.
You see here an ugly thing corpse.
Found a stone staircase leading down.
You see here an ugly thing corpse.
You now have 1317 gold pieces (gained 7).
Found a stone staircase leading up.
A cyclops comes into view.
Found 23 gold pieces.
A cyclops is nearby!
A cyclops is nearby!
Casting: Flame Wave (safe; 1% risk of failure)
Confirm with . or Enter, or press ? or * to list all spells.
Okay, then.
Casting: Flame Wave (safe; 1% risk of failure)
Confirm with . or Enter, or press ? or * to list all spells.
Aiming: Stone Arrow (safe; 1% risk of failure)
Press: ? - help, Shift-Dir - straight line, f - cyclops
Aim: a cyclops, quivering large rocks (wandering, hasn't noticed you, 98% to hit)
The stone arrow hits the cyclops.
The cyclops is lightly wounded.
The cyclops shouts!
Malevolent energies surge around you.
The cyclops throws a large rock.
The large rock hits you!!!
Unknown command.
The cyclops throws a large rock.
The large rock hits you!!
The cyclops throws a large rock.
The large rock hits you!!
You die...

#......##
#...........,,,
#.......#
*#.......,,,,,,
#.......#
*#.....,,,,,,,
#......##
*##..,,,,,,,,
#......#
***,,,,,,,,
#.....## ****,,,,,
#......## *####
******
##...#..##*#...##
#...###@##.....##
##.## ##☼#......#
##* ##§☼.....# ***
#.§.....## **,**
*#....<..# *,,,*
*.......## **,,,*
*#..$.....#* *,,,,,
*......C##.#**,,,,,
###.....#**.*,,,,,,


You could see a cyclops.

Vanquished Creatures
  Kirke (D:12)
  A minotaur (Gauntlet)
  7 hydras
  2 catoblepae
  Erica (D:10)
  5 two-headed ogres
  Sonja (Lair:2)
  A lindwurm (Lair:3)
  Pikel (D:4)
  2 ugly things
  2 manticores
  A moth of wrath (Gauntlet)
  18 elephants
  Joseph (Lair:1)
  11 cane toads
  3 black mambas
  2 rime drakes
  2 unseen horrors
  11 komodo dragons
  A tengu conjurer (D:12)
  8 polar bears
  8 hornets
  6 trolls
  15 blink frogs
  2 slime creatures (D:12)
  A snapping turtle (Lair:3)
  12 dream sheep (Lair:6)
  A jumping spider (Lair:3)
  37 yaks
  A wyvern (D:9)
  2 wraiths
  A shadow (D:11)
  2 basilisks
  13 spriggans (Lair:6)
  2 steam dragons
  4 hogs (D:12)
  2 vampire mosquitoes (D:12)
  Duvessa (D:4)
  18 water moccasins
  3 acid dragons
  3 ice beasts
  3 orc warriors
  A sky beast (D:8)
  4 black bears
  7 ogres
  4 boggarts (Lair:6)
  10 centaurs
  33 wolves
  A lemure (D:3)
  A phantom (D:6)
  7 kobold brigands
  7 bullfrogs
  2 necrophages
  3 gnoll sergeants
  2 scorpions
  8 wights
  Dowan (D:4)
  3 howler monkeys
  2 electric eels (Lair:3)
  4 hounds
  3 jellies
  8 orc priests
  A gnoll shaman (D:12)
  2 iguanas (D:5)
  5 orc wizards
  8 gnolls
  12 adders
  A shadow imp (D:6)
  2 white imps
  2 ufetubi
  A worm (D:2)
  13 dart slugs
  40 orcs
  8 endoplasms
  3 giant cockroaches
  7 goblins
  4 hobgoblins
  6 jackals
  9 kobolds
  3 quokkas
  4 ball pythons
  3 bats
  6 rats
  A fulminant prism (Lair:6)
471 creatures vanquished.

Vanquished Creatures (collateral kills)
  A quicksilver ooze (Gauntlet)
1 creature vanquished.

Vanquished Creatures (others)
  190 fulminant prisms
  69 fungi
  94 plants
353 creatures vanquished.

Grand Total: 825 creatures vanquished

Notes
Turn   | Place    | Note
-------+----------+-------------------------------------------
     0 | D:1      | runemasterragnar the Demonspawn Conjurer began the quest
                  | for the Orb.
     0 | D:1      | Reached XP level 1. HP: 13/13 MP: 3/3
   437 | D:1      | Discovered your monstrous ancestry.
   437 | D:1      | Gained mutation: You have sharp fingernails. [demonic
                  | ancestry]
   437 | D:1      | Reached XP level 2. HP: 20/20 MP: 1/5
   440 | D:1      | Learned a level 2 spell: Searing Ray
  1101 | D:1      | Found a faded altar of an unknown god.
  1252 | D:1      | Prayed at the altar of an unknown god.
  1252 | D:1      | Became a worshipper of Vehumet
  1252 | D:1      | Reached * piety under Vehumet
  1252 | D:1      | Offered knowledge of Sandblast by Vehumet.
  1400 | D:2      | Reached skill level 1 in Fighting
  1400 | D:2      | Gained mutation: Spells you cast may paralyse adjacent
                  | enemies. [demonic ancestry]
  1400 | D:2      | Reached XP level 3. HP: 20/26 MP: 0/6
  1726 | D:2      | Learned a level 1 spell: Sandblast
  2337 | D:2      | Reached XP level 4. HP: 32/32 MP: 4/7
  3101 | D:3      | Reached skill level 1 in Earth Magic
  3250 | D:3      | Offered knowledge of Scorch by Vehumet.
  3296 | D:3      | Learned a level 2 spell: Scorch
  3440 | D:3      | Reached ** piety under Vehumet
  3885 | D:4      | Noticed a lemure
  3885 | D:4      | Noticed a lemure
  3886 | D:4      | Noticed a lemure
  3887 | D:4      | Noticed a lemure
  3898 | D:3      | Killed a lemure
  3979 | D:4      | Reached XP level 5. HP: 27/37 MP: 5/9
  3982 | D:4      | Reached skill level 1 in Fire Magic
  4167 | D:4      | Noticed Pikel
  4177 | D:4      | Killed Pikel
  4178 | D:4      | Reached XP level 6. HP: 31/43 MP: 9/11
  4178 | D:4      | Gained mutation: Your demonic aura sometimes causes spilled
                  | blood to erupt in flames. [demonic ancestry]
  4178 | D:4      | Reached XP level 7. HP: 35/48 MP: 9/12
  4374 | D:4      | Gained mutation: Armour fits poorly on your strangely
                  | shaped body. [potion of mutation]
  4374 | D:4      | Gained mutation: Your system is resistant to poisons.
                  | (rPois) [potion of mutation]
  4374 | D:4      | Gained mutation: Your mind is acute. (Int +2) [potion of
                  | mutation]
  5165 | D:4      | Noticed Dowan
  5173 | D:4      | Learned a level 4 spell: Sticky Flame
  5177 | D:4      | Noticed Duvessa
  5191 | D:4      | Killed Duvessa
  5194 | D:4      | Killed Dowan
  5428 | D:5      | Entered Level 5 of the Dungeon
  5495 | D:5      | Gained mutation: You have a small tail. [demonic ancestry]
  5495 | D:5      | Reached XP level 8. HP: 51/54 MP: 11/14
  5529 | D:5      | Reached skill level 5 in Earth Magic
  5564 | D:5      | Offered knowledge of Stone Arrow by Vehumet.
  5565 | D:5      | Reached skill level 5 in Fire Magic
  5569 | D:5      | Learned a level 3 spell: Stone Arrow
  6622 | D:6      | Reached *** piety under Vehumet
  6623 | D:6      | Reached skill level 5 in Spellcasting
  6628 | D:6      | Noticed a six-headed hydra
  6647 | D:6      | Killed a six-headed hydra
  6648 | D:6      | Gained mutation: Your demonic aura often causes spilled
                  | blood to erupt in flames. [demonic ancestry]
  6648 | D:6      | Reached XP level 9. HP: 33/59 MP: 8/17
  7339 | D:6      | Learned a level 4 spell: Fulminant Prism
  7595 | D:7      | Found Axenaqi's Elemental Accessories.
  7630 | D:7      | Found a staircase to the Ecumenical Temple.
  7639 | D:7      | Reached skill level 1 in Hexes
  7730 | D:7      | Offered knowledge of Olgreb's Toxic Radiance by Vehumet.
  7900 | D:7      | Reached skill level 5 in Conjurations
  8066 | D:7      | Reached skill level 5 in Hexes
  8858 | D:8      | Identified the +7 quarterstaff of Uvyih {spect, rC- rCorr
                  | Dex+4}
  8953 | D:8      | Found a large runed translucent door.
  8953 | D:8      | Found a large runed translucent door.
  8998 | D:8      | Identified the +6 spear of the Other Side {vorpal, rPois
                  | Stlth+}
  9025 | D:8      | Found a sacrificial altar of Ru.
  9735 | D:8      | Gained mutation: Your demonic aura causes all spilled blood
                  | to erupt in flames. [demonic ancestry]
  9735 | D:8      | Reached XP level 10. HP: 52/65 MP: 14/19
  9909 | D:8      | Noticed DocClef's ghost (novice GnDe)
 10819 | D:9      | Noticed a two-headed ogre
 10831 | D:9      | Killed a two-headed ogre
 11073 | D:9      | Reached **** piety under Vehumet
 11161 | D:9      | Offered knowledge of Irradiate by Vehumet.
 11263 | D:9      | Reached skill level 10 in Hexes
 11362 | D:9      | Found a staircase to the Orcish Mines.
 11999 | D:9      | Gained mutation: You have large cloven feet. [demonic
                  | ancestry]
 11999 | D:9      | Reached XP level 11. HP: 61/70 MP: 10/22
 12296 | D:10     | Entered Level 10 of the Dungeon
 12393 | Orc:1    | Entered Level 1 of the Orcish Mines
 12393 | Orc:1    | Noticed an orc knight
 12675 | D:10     | Noticed Erica
 12685 | D:10     | Killed Erica
 14186 | D:11     | Found a runed translucent gate.
 14186 | D:11     | Found a runed translucent gate.
 14186 | D:11     | Found a runed translucent gate.
 14187 | D:11     | Noticed avis's ghost (novice DgHu)
 14188 | D:11     | Noticed nrs142's ghost (journeyman MiMo)
 14191 | D:11     | Noticed a two-headed ogre
 14246 | D:11     | Killed a two-headed ogre
 14427 | D:11     | Noticed a two-headed ogre
 14438 | D:11     | Killed a two-headed ogre
 14933 | D:11     | Found a staircase to the Lair.
 14974 | D:11     | Noticed a seven-headed hydra
 14983 | D:11     | Killed a seven-headed hydra
 15295 | D:11     | Noticed a green ugly thing
 15301 | D:11     | Noticed a two-headed ogre
 15305 | D:11     | Killed a green ugly thing
 15305 | D:11     | Killed a two-headed ogre
 15531 | Lair:1   | Entered Level 1 of the Lair of Beasts
 15586 | Lair:1   | Reached ***** piety under Vehumet
 15701 | Lair:1   | Identified the +3 quarterstaff of the Pharaoh's Fist
                  | {spect, *Slow rN+ MP+9 SInv}
 15974 | Lair:1   | Offered knowledge of Conjure Ball Lightning by Vehumet.
 15975 | Lair:1   | Gained mutation: You have a tail ending in a sharp stinger.
                  | [demonic ancestry]
 15975 | Lair:1   | Reached XP level 12. HP: 80/80 MP: 19/24
 16291 | Lair:1   | Found a runed translucent gate.
 16291 | Lair:1   | Found a runed translucent gate.
 16291 | Lair:1   | Found a runed translucent gate.
 16292 | Lair:1   | Noticed Cancer's ghost (journeyman GrEE)
 16294 | Lair:1   | Found a viscous altar of Jiyva.
 16480 | Lair:1   | Noticed Joseph
 16489 | Lair:1   | Killed Joseph
 17003 | Lair:2   | Noticed Sonja
 17196 | Lair:2   | Killed Sonja
 17407 | Lair:2   | Identified the +7 long sword of Bodily Humours {holy, rElec
                  | rPois Will++}
 17932 | Lair:2   | Noticed a four-headed hydra
 17951 | Lair:2   | Killed a four-headed hydra
 18624 | Lair:2   | Found a snail-covered altar of Cheibriados.
 19084 | Lair:3   | Noticed a catoblepas
 19142 | Lair:3   | Killed a catoblepas
 19143 | Lair:3   | Reached skill level 10 in Conjurations
 19300 | Lair:3   | Found a hole to the Spider Nest.
 19484 | Lair:3   | Reached skill level 5 in Stealth
 19495 | Lair:3   | Reached XP level 13. HP: 90/90 MP: 5/26
 20235 | Lair:3   | Found a staircase to the Shoals.
 20411 | Lair:3   | Upgraded the game from 0.29-a0-575-g0dc89cf053 to
                  | 0.29-a0-577-gafbf2c5d25
 21028 | Lair:4   | Reached skill level 5 in Fighting
 21245 | Lair:4   | Reached skill level 5 in Dodging
 21616 | Lair:4   | Offered knowledge of Flame Wave by Vehumet.
 21622 | Lair:4   | Learned a level 4 spell: Flame Wave
 22742 | Lair:5   | Identified the +4 rapier "Kits" {vorpal, rN+}
 22751 | Lair:6   | Entered Level 6 of the Lair of Beasts
 22912 | Lair:6   | Reached skill level 10 in Fire Magic
 23432 | Lair:6   | HP: 4/93 [elephant[a boggart] (2)]
 24295 | Lair:6   | Gained mutation: You have hoof-like feet. [demonic
                  | ancestry]
 24295 | Lair:6   | Reached XP level 14. HP: 86/100 MP: 14/27
 25176 | Lair:6   | Reached skill level 1 in Shields
 25236 | Lair:6   | Found a staircase to the Slime Pits.
 25665 | D:12     | Found a gate leading to a gauntlet.
 25674 | Gauntlet | Entered a Gauntlet
 25674 | Gauntlet | Found a large runed translucent door.
 25674 | Gauntlet | Found a large runed translucent door.
 25674 | Gauntlet | Found a large runed translucent door.
 25674 | Gauntlet | Found a large runed translucent door.
 25674 | Gauntlet | Found a transporter.
 25674 | Gauntlet | Found a runed translucent door.
 25674 | Gauntlet | Found a large runed translucent door.
 25674 | Gauntlet | Found a large runed translucent door.
 25674 | Gauntlet | Found a large runed translucent door.
 25674 | Gauntlet | Found a large runed translucent door.
 25674 | Gauntlet | Found a runed translucent gate.
 25674 | Gauntlet | Found a runed translucent gate.
 25674 | Gauntlet | Found a transporter.
 25674 | Gauntlet | Found a transporter.
 25711 | Gauntlet | Found a transporter.
 25713 | Gauntlet | Found a transporter.
 25715 | Gauntlet | Found a transporter.
 25723 | Gauntlet | Found a transporter.
 25724 | Gauntlet | Found a transporter.
 25725 | Gauntlet | Found a transporter.
 25726 | Gauntlet | Found a transporter.
 25729 | Gauntlet | Noticed a quicksilver ooze
 25734 | Gauntlet | Found a transporter.
 25738 | Gauntlet | Found a transporter.
 25826 | Gauntlet | Found a runed translucent gate.
 25826 | Gauntlet | Found a runed translucent door.
 25835 | Gauntlet | Found a large runed translucent door.
 25835 | Gauntlet | Found a large runed translucent door.
 25835 | Gauntlet | Found a large runed translucent door.
 25835 | Gauntlet | Found a large runed translucent door.
 25836 | Gauntlet | Found a large runed translucent door.
 25836 | Gauntlet | Found a large runed translucent door.
 25837 | Gauntlet | Found a large runed translucent door.
 25837 | Gauntlet | Found a large runed translucent door.
 25999 | Gauntlet | Killed a quicksilver ooze
 26278 | Gauntlet | Identified the +6 shortbow of the Enchanted Forest {vorpal,
                  | rN+ Str+4}
 26278 | Gauntlet | Identified the +8 plate armour of the Loofah {+Blink rC-
                  | rCorr Dex+3}
 26327 | Gauntlet | Reached skill level 10 in Spellcasting
 26686 | D:12     | Identified the +1 ring mail "Kyajog" {rPois rF++ Dex-4
                  | SInv}
 26972 | D:12     | Noticed Kirke
 26980 | D:12     | Killed Kirke
 27606 | D:12     | Hit by a large rock thrown by a cyclops

Illustrated notes

Levels and vault maps discovered:
D:1:      heliophobic_arrival_ceremonial_halls, layout_loops_ring,
          shapermc_ecumenical_altar_mp_vishouse
D:2:      layout_basic, chequers_serial_rivers_small_a
D:3:      kennysheep_slugbush, layout_basic
D:4:      layout_layer_cave, saegor_snake_ambush, uniq_pikel,
          uniq_crazy_yiuf_cottage, uniq_duvessa
D:5:      minmay_evil_eye, layout_basic, st_stairs_13
D:6:      layout_basic, minmay_manual_moon
D:7:      layout_basic, minmay_temple_entry_tees,
          chequers_serial_rivers_micro_d, nicolae_elemental_shop,
          minmay_stone_trees_medium
D:8:      layout_layer_cave, nicolae_ru_awakened_eye,
          ebering_ghost_disaster_area
D:9:      layout_loops_ring, kennysheep_orc_monster_closet_entryway,
          kennysheep_cluttered_room
D:10:     cheibrodos_frozen_isle, layout_basic, uniq_erica
D:11:     layout_loops_corners, lair_entry_dummy, gammafunk_ghost_cemetery
D:12:     layout_cave_pods, gauntlet_entry_generic,
          minmay_fractal_squares_diagonal_5, uniq_kirke
Lair:1:   layout_gridlike, gammafunk_ghost_ooze, uniq_joseph
Lair:2:   layout_regular_city, basic_altar, grunt_megastairs_2, uniq_sonja
Lair:3:   layout_hall_layers, minmay_shoals_entry_hut, spider_nest_entry_rubble,
          grunt_megastairs_3, infiniplex_staircase_pool
Lair:4:   layout_long_grid
Lair:5:   layout_regular_city, lemuel_fruit_fields
Lair:6:   minmay_lair_end_enchanted_forest, layout_cave_pods, slime_dummy,
          nicolae_quartered_pool_medium
Orc:1:    layout_caves, serial_shops, nicolae_shop_waterfront

Skill      XL: |  1  2  3  4  5  6  7  8  9 10 11 12 13 14 |
---------------+-------------------------------------------+-----
Stealth        | 2 3 5 6 7 |  7.0
Dodging        | 2 3 4 5 6 |  6.2
Fighting       | 1 2 4 6 |  6.0
Earth Magic    | 1 3 4 6 7 8 |  8.3
Fire Magic     | 3 4 6 7 9 10 11 | 11.2
Spellcasting   | 3 4 5 6 7 8 9 10 | 10.1
Hexes          | 6 11 12 | 12.3
Conjurations   | 5 7 8 10 11 12 | 12.3
Shields        | 2 |  2.4

Action                   |  1- 3 |  4- 6 |  7- 9 | 10-12 | 13-15 || total
-------------------------+-------+-------+-------+-------+-------++-------
Melee: Unarmed           |    13 |    15 |       |       |       ||    28
       Dagger            |       |     9 |    13 |    13 |    29 ||    64
       Spear             |       |       |     9 |    11 |       ||    20
       Tailslap          |       |       |     1 |     6 |     8 ||    15
 Cast: Magic Dart        |    77 |    50 |    53 |    24 |    29 ||   233
       Sandblast         |     6 |    24 |    61 |    37 |    39 ||   167
       Scorch            |       |       |     3 |     6 |    42 ||    51
       Sticky Flame      |       |       |     2 |    12 |    25 ||    39
       Stone Arrow       |       |       |    24 |   117 |   101 ||   242
       Searing Ray       |       |       |     1 |       |       ||     1
       Fulminant Prism   |       |       |     5 |    96 |    91 ||   192
       Flame Wave        |       |       |       |       |    11 ||    11
Evoke: Wand              |       |     1 |     8 |    12 |     4 ||    25
       Phantom mirror    |       |       |       |       |     1 ||     1
  Use: Scroll            |     5 |     1 |     8 |     9 |    11 ||    34
       Potion            |       |       |     2 |     4 |     9 ||    15
 Stab: Paralysed         |     5 |    10 |     8 |     8 |    15 ||    46
       Sleeping          |       |       |     1 |     1 |       ||     2
Armor: Robe              |     1 |       |     8 |    22 |    33 ||    64
       Leather armour    |       |     5 |     1 |       |       ||     6
Dodge: Dodged            |     7 |    26 |    38 |    68 |    95 ||   234

Table legend: (Time is in decaauts)
 A = Elapsed time spent in this place.
 B = Non-inter-level travel time spent in this place.
 C = Inter-level travel time spent in this place.
 D = Time resting spent in this place.
 E = Time spent auto-exploring this place.
 F = Levels seen in this place.
 G = Mean time per level.
                   A        B        C        D        E       F      G
               +--------+--------+--------+--------+--------+-----+--------+
         Total |  27804 |  26742 |   1062 |   3536 |  19280 |  20 | 1390.2 |
       Dungeon |  17017 |  16478 |    539 |   1288 |  13060 |  12 | 1418.1 |
          Lair |  10115 |   9592 |    523 |   1989 |   6106 |   6 | 1685.8 |
  Orcish Mines |      8 |      8 |      0 |      0 |      0 |   1 |    8.0 |
      Gauntlet |    662 |    662 |      0 |    259 |    114 |   1 |  662.0 |
               +--------+--------+--------+--------+--------+-----+--------+

Top non-repeatable levels by time:
  Lair:6: 2511 daAuts
     D:9: 2163 daAuts
  Lair:1: 2071 daAuts
    D:10: 1696 daAuts
  Lair:2: 1689 daAuts
     D:4: 1557 daAuts
     D:2: 1515 daAuts
    D:11: 1510 daAuts
  Lair:4: 1486 daAuts
     D:8: 1415 daAuts
     D:6: 1312 daAuts
    D:12: 1302 daAuts
     D:3: 1257 daAuts
     D:7: 1248 daAuts
  Lair:3: 1243 daAuts
